Map: Shrines of Lizul

Players

ericjover

  • Race: Protoss Protoss
  • Spawn Location: 6:00

Xenos

  • Race: Zerg Zerg
  • Spawn Location: 9:00

OpuS - Winner!

  • Race: Protoss Protoss
  • League: Platinum
  • Spawn Location: 12:00

Sketchaphone - Winner!

  • Race: Zerg Zerg
  • League: Platinum
  • Spawn Location: 3:00

VOD

Have the link to the VOD?

Description

Time

  • Played on: Feb. 17, 2019, 12:02 p.m.
  • Length: 8:59
Show
View Real Time Build Order
Export as new Build Order

ericjover Protoss 

Build Orders:  

Get SALT Encoding   

  12  0:02  Probe  
  13  0:23  Probe  
  13  0:26  Pylon  
  14  0:35  Probe  
  15  0:41  Assimilator  
  15  0:46  Gateway  
  15  0:47  Probe  
  16  1:01  Probe  
  17  1:13  Probe  
  18  1:20  Pylon  
  18  1:24  Gateway  
  18  1:25  Probe  
  19  1:41  Cybernetics Core  
  19  1:43  Gateway  
  19  1:50  Pylon  
  19  1:56  Assimilator  
  19  1:58  Probe  
  20  2:11  Zealot  
  22  2:32  Forge, Probe  
  22  2:37  Stalker x2  
  23  2:40  Probe  
  27  2:50  Probe  
  29  3:05  Stalker  
  31  3:31  Warp Gate  
  31  3:38  Stalker  
  31  3:39  Stalker x2  
  37  3:58  Probe  
  36  4:22  Nexus  
  30  4:28  Photon Cannon  
  30  4:30  Stalker  
  32  4:31  Stalker  
  32  4:32  Stalker  
  36  4:38  Assimilator  
  36  4:42  Assimilator  
  36  4:58  Protoss Shields Level 1  
  36  5:03  Stargate  
  36  5:05  Stargate  
  36  5:20  Pylon  
  34  5:44  Stalker  
  34  5:45  Stalker x2  
  38  6:09  Probe  
  38  6:17  Probe  
  39  6:20  Stargate  
  39  6:24  Void Ray  
  44  6:26  Probe  
  45  6:38  Probe  
  46  6:43  Pylon  
  46  6:46  Fleet Beacon  
  46  6:47  Probe  
  46  6:51  Probe  
  47  6:55  Probe  
  47  6:59  Probe  
  49  7:05  Probe  
  51  7:09  Probe  
  51  7:13  Void Ray  
  56  7:17  Probe  
  56  7:21  Probe  
  58  7:29  Probe  
  59  7:33  Probe  
  59  7:37  Nexus  
  60  7:41  Probe  
  61  7:45  Probe  
  56  7:53  Probe  
  41  8:37  Pylon  
  41  8:41  Pylon  
  39  8:45  Probe  
Show
View Real Time Build Order
Export as new Build Order

Xenos Zerg 

Build Orders: Pool First 

Get SALT Encoding   

  12  0:01  Drone  
  13  0:15  Overlord  
  13  0:24  Drone  
  14  0:30  Extractor, Drone  
  15  0:43  Drone  
  15  0:44  Drone  
  15  0:49  Spawning Pool  
  16  0:52  Extractor  
  16  0:53  Drone  
  16  1:02  Drone  
  17  1:24  Hatchery  
  16  1:28  Drone  
  16  1:29  Drone  
  18  1:43  Queen  
  20  1:47  Zergling x2  
  21  1:59  Overlord  
  21  2:04  Drone  
  22  2:13  Metabolic Boost  
  22  2:23  Queen  
  22  2:25  Zergling x2  
  22  2:26  Drone  
  27  2:37  Queen, Drone  
  29  2:49  Baneling Nest  
  29  2:51  Zergling x4  
  28  2:52  Zergling x2  
  30  3:01  Zergling x2  
  30  3:17  Zergling x8  
  22  3:32  Zergling x2  
  23  3:51  Drone x3  
  26  4:03  Drone  
  26  4:04  Drone  
  22  4:26  Zergling x2  
  22  4:27  Zergling x12  
  28  4:58  Zergling x4  
  28  4:59  Zergling x10  
  35  5:01  Overlord  
  33  5:16  Drone x3  
  35  5:34  Zergling x14  
  18  6:29  Drone  
  18  6:30  Drone x2  
Show
View Real Time Build Order
Export as new Build Order

OpuS Protoss - Winner!

Build Orders:  

Get SALT Encoding   

  12  0:01  Probe  
  13  0:13  Probe  
  14  0:21  Pylon  
  14  0:25  Probe  
  15  0:39  Probe  
  16  0:43  Gateway  
  16  0:48  Probe  
  16  0:54  Assimilator  
  16  0:56  Probe  
  17  0:58  Assimilator  
  18  1:06  Probe  
  19  1:12  Gateway  
  19  1:18  Probe  
  20  1:24  Pylon  
  20  1:33  Zealot  
  22  1:42  Cybernetics Core  
  22  1:49  Probe  
  23  1:54  Pylon  
  23  2:01  Zealot x2  
  25  2:10  Probe  
  28  2:30  Robotics Facility  
  28  2:39  Probe  
  29  2:45  Stalker x2  
  33  3:12  Nexus  
  32  3:32  Stalker x2  
  36  3:39  Pylon  
  36  3:52  Pylon  
  36  4:04  Immortal  
  40  4:16  Warp Gate  
  34  4:23  Stalker x2  
  36  4:26  Probe  
  36  4:30  Probe  
  38  4:39  Probe  
  38  4:42  Probe  
  40  4:49  Gateway  
  40  4:55  Sentry x2  
  40  4:59  Probe  
  45  5:01  Probe  
  46  5:11  Probe  
  46  5:13  Probe  
  48  5:23  Probe  
  48  5:25  Probe  
  48  5:41  Probe x2  
  46  5:44  Gateway  
  46  5:46  Gateway  
  46  5:47  Gateway  
  46  5:54  Immortal  
  40  6:08  Twilight Council  
  38  6:13  Stalker  
  38  6:14  Stalker  
  38  6:15  Stalker  
  44  6:19  Probe x2  
  44  6:20  Immortal  
  46  6:31  Probe x2  
  48  6:39  Assimilator  
  52  6:42  Pylon  
  52  6:44  Assimilator  
  52  6:49  Charge  
  52  6:53  Stalker, Sentry x3  
  60  6:55  Observer  
  61  7:01  Probe x2  
  63  7:11  Gateway  
  63  7:13  Pylon, Probe  
  63  7:14  Probe  
  65  7:17  Sentry  
  65  7:21  Zealot  
  69  7:27  Probe  
  70  7:31  Gateway  
  70  7:32  Probe  
  48  8:15  Stalker x3  
  48  8:16  Stalker x4  
  58  8:33  Stargate  
  58  8:41  Stalker x2  
  58  8:42  Stalker  
  58  8:44  Stalker  
  66  8:51  Pylon  
  66  8:53  Pylon  
  66  8:56  Nexus  
Show
View Real Time Build Order
Export as new Build Order

Sketchaphone Zerg - Winner!

Build Orders: Pool First 

Get SALT Encoding   

  12  0:01  Drone  
  13  0:13  Drone  
  14  0:27  Spawning Pool  
  13  0:31  Drone  
  14  0:35  Extractor  
  14  0:40  Overlord  
  13  0:45  Drone  
  14  0:59  Drone  
  14  1:01  Drone  
  14  1:04  Drone  
  17  1:16  Zergling x2, Queen  
  21  1:25  Drone  
  21  1:37  Zergling x2  
  22  1:42  Metabolic Boost  
  22  1:46  Overlord  
  22  1:59  Overlord  
  22  2:13  Hatchery  
  21  2:16  Zergling x2  
  21  2:20  Zergling x2  
  23  2:26  Drone  
  23  2:27  Zergling x4  
  26  2:36  Zergling x2  
  27  2:47  Zergling x2  
  28  2:59  Drone  
  28  3:00  Overlord  
  28  3:01  Roach Warren  
  28  3:19  Overlord  
  23  3:20  Drone  
  23  3:21  Drone  
  25  3:34  Queen  
  25  3:35  Drone  
  25  3:36  Overlord  
  28  3:42  Zergling x4  
  28  3:43  Zergling x4  
  28  3:47  Zergling x2  
  33  3:50  Spine Crawler  
  31  3:56  Overlord  
  31  3:59  Zergling x2  
  32  4:06  Zergling x2  
  33  4:34  Roach x4  
  33  4:35  Roach x2  
  44  4:56  Roach x2  
  44  4:58  Roach  
  44  4:59  Zergling x2  
  54  5:00  Roach x2  
  54  5:01  Drone  
  55  5:11  Drone  
  55  5:12  Drone  
  57  5:15  Drone  
  57  5:19  Drone  
  59  5:26  Drone x2  
  57  5:45  Drone  
  57  5:46  Roach  
  57  5:48  Drone x5  
  64  5:51  Lair  
  61  6:11  Extractor  
  52  6:12  Drone  
  52  6:13  Drone, Roach  
  52  6:14  Evolution Chamber x2, Roach  
  56  6:28  Hatchery  
  56  6:29  Overlord  
  56  6:31  Overlord  
  55  6:33  Drone x2  
  57  6:42  Zerg Ground Armor Level 1  
  57  6:44  Zergling x10  
  62  6:48  Extractor  
  63  6:54  Roach  
  63  6:55  Zergling x2  
  64  7:05  Drone  
  64  7:06  Drone  
  66  7:10  Glial Reconstitution  
  66  7:14  Zergling x6  
  69  7:17  Zergling x8  
  73  7:23  Zergling x2  
  74  7:33  Zergling x4  
  74  8:07  Zergling x20  
  84  8:13  Evolution Chamber  
  84  8:16  Hydralisk Den  
Tags
 
Add a new tag
Caveats
  • Supply blocks, unpowered buildings, or Contaminate may cause inaccurate times.
  • Supply counts are checked every 10 seconds.